 Dungeon Crawl Stone Soup version 0.30-a0-779-g7971cf19c3 (webtiles) character file.

Game seed: 154608347276776611

301 Dittersdorf the Covered (level 6, -8/39 HPs)
             Began as a Gargoyle Fighter on Feb 17, 2023.
             Was an Initiate of Okawaru.
             Mangled by an ogre
             ... wielding a +0 giant club
              (25 damage)
             ... on level 5 of the Dungeon.
             The game lasted 00:03:35 (3257 turns).

Dittersdorf the Covered (Gargoyle Fighter)          Turns: 3257, Time: 00:03:35

Health: -8/39      AC: 14    Str: 21    XL:     6   Next: 37%
Magic:  6/6        EV:  7    Int:  9    God:    Okawaru [......]
Gold:   215        SH: 10    Dex:  9    Spells: 5/5 levels left

rFire   . . .      SeeInvis .    a - +1 flail
rCold   . . .      Faith    .    c - +1 buckler
rNeg    + . .      Spirit   .    l - +0 chain mail
rPois   ∞          Reflect  +    (no helmet)
rElec   +          Harm     .    (no cloak)
rCorr   .          Rampage  .    (no gloves)
Will    .....                    (no boots) Stlth
                                 e - amulet of reflection
HPRegen 0.26/turn                (no ring)
MPRegen 0.10/turn                (no ring)

@: no status effects
A: sickness immunity, AC +4, negative energy resistance 1, electricity
resistance, torment resistance 1, petrification resistance
a: Renounce Religion


You were on level 5 of the Dungeon.
You worshipped Okawaru.
Okawaru was noncommittal.
You visited 2 branches of the dungeon, and saw 6 of its levels.

You collected 215 gold pieces.

Inventory:

Hand Weapons
 a - a +1 flail (weapon)
Armour
 c - a +1 buckler (worn)
 l - a +0 chain mail (worn)
Jewellery
 e - an amulet of reflection (around neck)
Scrolls
 f - 4 scrolls of teleportation
 m - a scroll of blinking
 o - a scroll of identify {unknown}
 q - a scroll of fog {unknown}
Potions
 b - a potion of flight {unknown}
 d - 2 potions of might
 g - a potion of attraction {unknown}
 p - a potion of heal wounds {unknown}


   Skills:
 + Level 4.7 Fighting
 + Level 3.6 Maces & Flails
 + Level 4.7 Armour
 + Level 4.7 Shields


You had 5 spell levels left.
You didn't know any spells.
Your spell library was empty.

Dungeon Overview and Level Annotations

Branches:
Dungeon (4/15)             Temple (1/1) D:4

Altars:
Ashenzari
Dithmenos
Elyvilon
Fedhas
Nemelex Xobeh
Okawaru
Trog
Vehumet
Wu Jian
Xom
Yredelemnul
Zin
The Shining One

Shops:
D:2 =


Innate Abilities, Weirdness & Mutations

You are immune to sickness and miasma.
Your stone body is resilient. (AC +4)
You are immune to poison.
You resist negative energy. (rN+)
You are resistant to electric shocks. (rElec)
You are resistant to unholy torment.
You are immune to petrification.


Message History

You are too injured to fight recklessly!
You are too injured to fight recklessly!
You are too injured to fight recklessly!
You are too injured to fight recklessly!
You hit the jelly but do no damage.
Your hands burn!
The jelly is almost dead.
The jelly hits you.
You are splashed with acid!
* * * LOW HITPOINT WARNING * * *
You hit the jelly.
Your hands burn!
* * * LOW HITPOINT WARNING * * *
The jelly is almost dead.
The jelly hits you but does no damage.
You sock the jelly!
You kill the jelly!
Okawaru accepts your kill.
You start resting.
You are no longer corroded.
You start resting.
HP restored.
An ogre comes into view. It is wielding a +0 giant club.
The ogre hits you with a +0 giant club!!
Ouch! That really hurt!
You are too injured to fight recklessly!
You are too injured to fight recklessly!
You are too injured to fight recklessly!
You are too injured to fight recklessly!
You are too injured to fight recklessly!
You are too injured to fight recklessly!
You are too injured to fight recklessly!
You are too injured to fight recklessly!
You are too injured to fight recklessly!
You are too injured to fight recklessly!
You are too injured to fight recklessly!
You are too injured to fight recklessly!
You are too injured to fight recklessly!
You are too injured to fight recklessly!
You closely miss the ogre.
The ogre hits you with a +0 giant club!!
Ouch! That really hurt!
You die...

.........'......#.##
##......######.#...
####......######.....
.....................
######..............
#.############# #.#
#.######.# #...O@...#
....#####..# . . ...#
.# #.#.# #.#.. #.#.##
#.#.# #. .#


You could see an ogre.

Vanquished Creatures
  A jelly (D:5)
  An orc priest (D:5)
  An iguana (D:5)
  2 orc wizards
  3 gnolls
  8 adders
  3 dart slugs
  6 orcs
  8 ball pythons
  4 endoplasms
  3 giant cockroaches
  6 goblins
  2 hobgoblins
  6 kobolds
  3 quokkas
  4 bats
  A frilled lizard (D:3)
  4 rats
66 creatures vanquished.

Notes
Turn   | Place    | Note
-------+----------+-------------------------------------------
     0 | D:1      | Dittersdorf the Gargoyle Fighter began the quest for the
                  | Orb.
     0 | D:1      | Reached XP level 1. HP: 14/14 MP: 1/1
    61 | D:1      | Reached XP level 2. HP: 15/19 MP: 2/2
   396 | D:2      | Reached XP level 3. HP: 23/23 MP: 3/3
   873 | D:2      | Reached XP level 4. HP: 26/29 MP: 4/4
  1025 | D:2      | Found Vuiddeom's One-of-a-Kind Rings.
  1043 | D:2      | Found an iron altar of Okawaru.
  1073 | D:2      | Became a worshipper of Warmaster Okawaru
  1824 | D:3      | Reached XP level 5. HP: 32/33 MP: 5/5
  2109 | D:3      | Found a faded altar of an unknown god.
  2693 | D:4      | Found a staircase to the Ecumenical Temple.
  2702 | Temple   | Entered the Ecumenical Temple
  2768 | D:4      | You fall into a shaft and drop 1 floor!
  2768 | D:5      | Entered Level 5 of the Dungeon
  2769 | D:5      | yay!
  2776 | D:5      | Found a glowing golden altar of the Shining One.
  2913 | D:5      | Reached XP level 6. HP: 21/39 MP: 6/6
  3056 | D:5      | Found a white marble altar of Elyvilon.
  3057 | D:5      | Found a shimmering altar of Xom.
  3257 | D:5      | Mangled by an ogre

Illustrated notes

# # .# .
#.#####.##(..
#.#...........#
#......@.....#
...........###
.............#
########.###..#
.# .. .# . ##


Turn 2769 on D:5: yay!

Levels and vault maps discovered:
D:1:      heliophobic_arrival_battle_scene, layout_basic
D:2:      layout_basic, basic_altar, nicolae_shop_unique_rings,
          nicolae_elevator_lobby_asterisk
D:3:      layout_basic, chequers_ecumenical_altar_island
D:4:      layout_rooms, nicolae_uskayaw_murder_on_the_dancefloor,
          lemuel_temple_firewalk_b, minmay_misc_feat_rugged,
          nicolae_shop_vocational
D:5:      layout_basic, nicolae_qazlal_eye_of_the_storm, tso_metal_star,
          mainiacjoe_overflow_divided_tiny, grunt_temple_overflow_open
Temple:   hellmonk_temple_rainy

Skill      XL: |  1  2  3  4 |
---------------+-------------+-----
Shields        | 4 |  4.7
Fighting       | 4 |  4.7
Armour         | 4 |  4.7
Maces & Flails | 3 |  3.6

Action                     |  1- 3 |  4- 6 || total
---------------------------+-------+-------++-------
  Melee: Flail             |    95 |   143 ||   238
    Use: Scroll            |       |     8 ||     8
 Armour: Scale mail        |    62 |     7 ||    69
         Chain mail        |       |    85 ||    85
  Dodge: Dodged            |    52 |    54 ||   106
  Block: Buckler           |    15 |    49 ||    64

Table legend: (Time is in decaauts)
 A = Elapsed time spent in this place.
 B = Non-inter-level travel time spent in this place.
 C = Inter-level travel time spent in this place.
 D = Time resting spent in this place.
 E = Time spent auto-exploring this place.
 F = Levels seen in this place.
 G = Mean time per level.
                   A        B        C        D        E       F      G
               +--------+--------+--------+--------+--------+-----+--------+
         Total |   3331 |   3229 |    102 |    461 |   2085 |   6 |  555.2 |
       Dungeon |   3303 |   3201 |    102 |    461 |   2075 |   5 |  660.6 |
        Temple |     27 |     27 |      0 |      0 |     10 |   1 |   27.0 |
               +--------+--------+--------+--------+--------+-----+--------+

Top non-repeatable levels by time:
     D:2: 1172 daAuts
     D:3: 1073 daAuts
     D:5: 498 daAuts
     D:1: 405 daAuts
     D:4: 154 daAuts
  Temple: 27 daAuts
